General information
- name: BNet
- type: Ladder team game (AT/RT)
- host: Battle.net
- saver: MarzALEGO
map: GolemsInTheMist
- players: 8
- length: 43:51
- speed: Fast
- version: 1.27 W3XP
- replay type: Public
» download(301 KB)
Players
team 1 (winner)
CaptianK (
orange | 53 APM | 1239 actions | 23:20)
5 Tauren Chieftain
2 Endurance Aura
3 Shockwave
3 Shadow Hunter
2 Healing Wave
1 Serpent Ward
» actions
| Assign group hotkey | 5 | |
| Basic commands | 100 | |
| Build / train | 71 | |
| Enter build submenu | 15 | |
| Enter hero's abilities submenu | 8 | |
| Right click | 479 | |
| Select / deselect | 453 | |
| Use ability | 108 | |
1239 total
» units
| Peon | 11 | |
| Grunt | 4 | |
| Raider | 17 | |
| Wind Rider | 1 | |
| Demolisher | 1 | |
34 total
» upgrades
| Armor | 1 | |
| Melee Weapons | 3 | |
| Ensnare | 1 | |
| Pillage | 1 | |
6 total
» buildings
| Altar of Storms | 1 | |
| Orc Burrow | 5 | |
| Barracks | 1 | |
| Voodoo Lounge | 1 | |
| War Mill | 1 | |
| Watch Tower | 2 | |
| Stronghold | 1 | |
| Beastiary | 2 | |
| Fortress | 1 | |
| Great Hall | 1 | |
16 total
» build order
00:04 Altar of Storms
00:19 Orc Burrow
00:40 Barracks
01:49 Orc Burrow
02:15 Voodoo Lounge
03:20 War Mill
04:43 Watch Tower
04:51 Stronghold
05:20 Watch Tower
06:48 Orc Burrow
07:13 Beastiary
07:19 Beastiary
10:00 Orc Burrow
14:00 Fortress
17:27 Orc Burrow
17:54 Great Hall
» items
| Healing Salve | 2 | |
| Lesser Clarity Potion | 6 | |
| Potion of Healing | 4 | |
| Scroll of Speed | 1 | |
| Scroll of Town Portal | 4 | |
| Potion of Mana | 1 | |
| Orb of Lightning | 1 | |
19 total

»
zxcvbn (
teal | 97 APM | 2072 actions | 21:15)
6 Priestess of the Moon
2 Searing Arrows
3 Trueshot Aura
1 Starfall
» actions
| Assign group hotkey | 144 | |
| Basic commands | 187 | |
| Build / train | 61 | |
| Enter build submenu | 23 | |
| Enter hero's abilities submenu | 6 | |
| Give item / drop item | 2 | |
| Right click | 688 | |
| Select / deselect | 235 | |
| Select group hotkey | 654 | |
| Use ability | 72 | |
2072 total
» units
| Wisp | 18 | |
| Archer | 14 | |
| Hippogryph | 8 | |
40 total
» upgrades
| Improved Bows | 1 | |
| Strength of the Moon | 2 | |
| Hippogryph Taming | 1 | |
| Marksmanship | 1 | |
| Nature's Blessing | 1 | |
| Moon Armor | 1 | |
7 total
» buildings
| Moon Well | 10 | |
| Tree of Life | 4 | |
| Altar of Elders | 1 | |
| Hunter's Hall | 1 | |
| Ancient of War | 1 | |
| Tree of Ages | 1 | |
| Ancient of Wind | 2 | |
| Tree of Eternity | 1 | |
| Ancient of Wonders | 1 | |
22 total
» build order
00:33 Moon Well
01:11 Tree of Life
01:32 Altar of Elders
02:08 Hunter's Hall
02:39 Ancient of War
02:59 Moon Well
03:38 Tree of Ages
04:24 Moon Well
05:39 Moon Well
06:06 Ancient of Wind
06:50 Moon Well
07:02 Ancient of Wind
07:57 Tree of Eternity
08:04 Moon Well
08:25 Ancient of Wonders
09:04 Moon Well
10:29 Moon Well
13:40 Tree of Life
13:44 Moon Well
13:46 Moon Well
14:43 Tree of Life
17:59 Tree of Life
» items
| Anti-magic Potion | 1 | |
| Moonstone | 1 | |
| Dust of Appearance | 1 | |
| Scroll of Town Portal | 1 | |
| Potion of Healing | 1 | |
5 total
hahahahahahahah (
yellow | 88 APM | 3846 actions | 43:51)
10 Archmage
3 Summon Water Elemental
3 Brilliance Aura
1 Mass Teleport
3 Blizzard
» actions
| Assign group hotkey | 118 | |
| Basic commands | 110 | |
| Build / train | 221 | |
| ESC pressed | 4 | |
| Enter build submenu | 57 | |
| Enter hero's abilities submenu | 10 | |
| Give item / drop item | 8 | |
| Right click | 1398 | |
| Select / deselect | 598 | |
| Select group hotkey | 949 | |
| Use ability | 373 | |
3846 total
» units
| Peasant | 12 | |
| Footman | 4 | |
| Rifleman | 3 | |
| Goblin Zeppelin | 12 | |
| Goblin Shredder | 5 | |
| Dragonhawk Rider | 6 | |
| Gryphon Rider | 5 | |
| Sorceress | 1 | |
48 total
» upgrades
| Swords | 3 | |
| Gunpowder | 3 | |
| Armor | 3 | |
| Cloud | 1 | |
| Storm Hammers | 1 | |
| Animal War Training | 1 | |
| Long Rifles | 1 | |
| Masonry | 3 | |
| Plating | 2 | |
| Sorceress Training | 2 | |
| Reinforced Defenses | 1 | |
| Spiked Barricades | 2 | |
23 total
» buildings
| Altar of Kings | 1 | |
| Farm | 10 | |
| Barracks | 1 | |
| Arcane Vault | 2 | |
| Lumber Mill | 1 | |
| Scout Tower | 36 | |
| Arcane Tower | 12 | |
| Keep | 4 | |
| Blacksmith | 1 | |
| Guard Tower | 35 | |
| Gryphon Aviary | 5 | |
| Castle | 6 | |
| Town Hall | 1 | |
| Workshop | 1 | |
| Arcane Sanctum | 1 | |
| Cannon Tower | 7 | |
| Watch Tower | 4 | |
128 total
» build order
00:58 Altar of Kings
01:02 Farm
01:04 Barracks
01:07 Farm
01:22 Farm
01:34 Arcane Vault
01:59 Lumber Mill
02:54 Farm
04:13 Scout Tower
04:41 Arcane Tower
04:41 Arcane Tower
04:48 Keep
04:48 Keep
05:19 Blacksmith
05:36 Scout Tower
06:31 Guard Tower
06:31 Guard Tower
06:32 Guard Tower
06:32 Guard Tower
06:52 Scout Tower
07:57 Gryphon Aviary
08:02 Castle
08:02 Castle
08:02 Castle
08:03 Castle
08:06 Gryphon Aviary
08:16 Farm
08:17 Farm
10:39 Town Hall
10:41 Scout Tower
11:36 Arcane Tower
11:36 Arcane Tower
11:48 Farm
13:17 Guard Tower
13:18 Guard Tower
13:19 Guard Tower
13:19 Guard Tower
13:20 Guard Tower
13:20 Guard Tower
17:43 Gryphon Aviary
19:05 Gryphon Aviary
19:06 Gryphon Aviary
20:00 Farm
20:19 Farm
20:29 Scout Tower
20:32 Scout Tower
20:58 Arcane Vault
21:20 Guard Tower
21:21 Guard Tower
21:21 Guard Tower
22:49 Workshop
22:54 Arcane Sanctum
23:01 Scout Tower
23:06 Scout Tower
23:06 Scout Tower
23:07 Scout Tower
23:08 Scout Tower
23:09 Scout Tower
23:10 Scout Tower
23:11 Scout Tower
23:12 Scout Tower
23:13 Scout Tower
23:14 Scout Tower
23:15 Scout Tower
23:24 Scout Tower
23:24 Scout Tower
23:25 Scout Tower
23:26 Scout Tower
23:27 Scout Tower
23:28 Scout Tower
23:29 Scout Tower
23:30 Scout Tower
23:31 Scout Tower
23:32 Scout Tower
23:33 Scout Tower
23:33 Scout Tower
23:45 Guard Tower
23:46 Guard Tower
23:46 Guard Tower
23:46 Guard Tower
24:11 Guard Tower
24:13 Cannon Tower
24:13 Cannon Tower
24:32 Guard Tower
24:33 Guard Tower
24:33 Guard Tower
27:16 Watch Tower
27:16 Watch Tower
27:37 Watch Tower
27:38 Watch Tower
28:46 Cannon Tower
28:47 Cannon Tower
28:47 Cannon Tower
28:47 Arcane Tower
28:48 Arcane Tower
29:00 Scout Tower
29:01 Scout Tower
29:02 Scout Tower
29:03 Scout Tower
29:09 Scout Tower
29:41 Cannon Tower
29:42 Arcane Tower
29:44 Guard Tower
29:44 Guard Tower
29:44 Guard Tower
29:45 Arcane Tower
29:45 Arcane Tower
29:47 Scout Tower
30:13 Guard Tower
30:14 Guard Tower
30:14 Guard Tower
30:16 Guard Tower
30:16 Guard Tower
30:17 Guard Tower
30:48 Farm
» items
| Scroll of Regeneration | 6 | |
| Mechanical Critter | 7 | |
| Scroll of Town Portal | 6 | |
| Healing Salve | 2 | |
| Ivory Tower | 10 | |
| Staff of Sanctuary | 1 | |
| Lesser Clarity Potion | 2 | |
| Orb of Fire | 1 | |
| Potion of Healing | 5 | |
40 total
RedCadillac (
blue | 62 APM | 1369 actions | 22:07)
2 Keeper of the Grove
1 Entangling Roots
1 Thorns Aura
» actions
| Assign group hotkey | 22 | |
| Basic commands | 21 | |
| Build / train | 53 | |
| Enter build submenu | 29 | |
| Enter hero's abilities submenu | 2 | |
| Remove unit from queue | 14 | |
| Right click | 808 | |
| Select / deselect | 353 | |
| Select group hotkey | 9 | |
| Use ability | 56 | |
1369 total
» units
| Wisp | 8 | |
| Huntress | 5 | |
| Hippogryph | 4 | |
| Chimaera | 5 | |
22 total
» upgrades
| Sentinel | 1 | |
| Strength of the Wild | 3 | |
| Reinforced Hides | 1 | |
5 total
» buildings
| Altar of Elders | 1 | |
| Moon Well | 6 | |
| Ancient of War | 2 | |
| Hunter's Hall | 1 | |
| Tree of Ages | 1 | |
| Ancient of Wind | 1 | |
| Tree of Eternity | 2 | |
| Ancient of Wonders | 1 | |
| Chimaera Roost | 2 | |
| Ancient of Lore | 2 | |
| Tree of Life | 1 | |
| Ancient Protector | 7 | |
27 total
» build order
00:08 Altar of Elders
00:19 Moon Well
01:16 Ancient of War
01:22 Hunter's Hall
01:49 Moon Well
02:58 Ancient of War
03:28 Tree of Ages
04:30 Moon Well
05:55 Ancient of Wind
07:14 Tree of Eternity
07:15 Tree of Eternity
07:27 Moon Well
07:32 Ancient of Wonders
09:45 Chimaera Roost
10:41 Chimaera Roost
10:57 Moon Well
12:06 Moon Well
15:36 Ancient of Lore
15:39 Ancient of Lore
17:30 Tree of Life
17:32 Ancient Protector
17:34 Ancient Protector
17:37 Ancient Protector
17:39 Ancient Protector
18:02 Ancient Protector
18:19 Ancient Protector
18:59 Ancient Protector
» items
| Healing Salve | 1 | |
| Lesser Clarity Potion | 1 | |
| Scroll of Town Portal | 1 | |
3 total
team 2 (loser)

»
Nav3 (
pink | 69 APM | 2824 actions | 40:42)
6 Blademaster
3 Wind Walk
2 Critical Strike
1 Bladestorm
4 Tauren Chieftain
2 Shockwave
2 Endurance Aura
» actions
| Assign group hotkey | 6 | |
| Basic commands | 45 | |
| Build / train | 121 | |
| Enter build submenu | 43 | |
| Enter hero's abilities submenu | 10 | |
| Give item / drop item | 1 | |
| Right click | 1370 | |
| Select / deselect | 907 | |
| Select group hotkey | 57 | |
| Use ability | 264 | |
2824 total
» units
| Peon | 22 | |
| Grunt | 9 | |
| Demolisher | 6 | |
| Goblin Shredder | 1 | |
| Tauren | 9 | |
| Shaman | 13 | |
| Troll Batrider | 23 | |
83 total
» upgrades
| Berserker Strength | 1 | |
| Reinforced Defenses | 1 | |
| Shaman Training | 2 | |
| Pulverize | 1 | |
| Burning Oil | 1 | |
| Liquid Fire | 1 | |
7 total
» buildings
| Altar of Storms | 2 | |
| Orc Burrow | 8 | |
| Barracks | 2 | |
| Stronghold | 2 | |
| War Mill | 1 | |
| Voodoo Lounge | 1 | |
| Fortress | 1 | |
| Spirit Lodge | 1 | |
| Watch Tower | 14 | |
| Great Hall | 2 | |
| Tauren Totem | 3 | |
| Beastiary | 2 | |
39 total
» build order
00:07 Altar of Storms
00:11 Altar of Storms
00:21 Orc Burrow
00:37 Barracks
01:24 Orc Burrow
02:56 Stronghold
02:57 Stronghold
04:26 Orc Burrow
04:29 War Mill
04:32 Voodoo Lounge
05:51 Orc Burrow
06:52 Fortress
08:25 Spirit Lodge
08:40 Watch Tower
09:01 Great Hall
09:11 Orc Burrow
09:17 Tauren Totem
09:22 Tauren Totem
11:31 Watch Tower
11:34 Tauren Totem
11:47 Orc Burrow
13:14 Watch Tower
15:48 Watch Tower
16:08 Beastiary
16:25 Watch Tower
16:27 Watch Tower
16:35 Watch Tower
18:08 Orc Burrow
19:45 Watch Tower
20:59 Watch Tower
22:22 Orc Burrow
25:40 Beastiary
27:59 Watch Tower
28:43 Great Hall
30:51 Barracks
32:07 Watch Tower
32:09 Watch Tower
39:06 Watch Tower
39:08 Watch Tower
» items
| Healing Salve | 4 | |
| Orb of Lightning | 3 | |
| Tiny Great Hall | 1 | |
| Lesser Clarity Potion | 2 | |
| Scroll of Town Portal | 1 | |
| Potion of Healing | 1 | |
12 total
sadio (
purple | 109 APM | 4650 actions | 42:31)
4 Blademaster
2 Wind Walk
2 Critical Strike
1 Demon Hunter
1 Mana Burn
2 Keeper of the Grove
1 Thorns Aura
1 Entangling Roots
» actions
| Assign group hotkey | 1083 | |
| Basic commands | 21 | |
| Build / train | 121 | |
| ESC pressed | 40 | |
| Enter build submenu | 65 | |
| Enter hero's abilities submenu | 8 | |
| Remove unit from queue | 4 | |
| Right click | 2125 | |
| Select / deselect | 490 | |
| Select group hotkey | 406 | |
| Use ability | 287 | |
4650 total
» units
| Peon | 62 | |
| Troll Batrider | 6 | |
| Goblin Shredder | 4 | |
| Hippogryph | 3 | |
75 total
» upgrades
» buildings
| War Mill | 2 | |
| Altar of Storms | 1 | |
| Orc Burrow | 7 | |
| Great Hall | 7 | |
| Voodoo Lounge | 2 | |
| Watch Tower | 36 | |
| Stronghold | 2 | |
| Beastiary | 3 | |
| Fortress | 6 | |
66 total
» build order
01:04 War Mill
01:08 Altar of Storms
01:15 Orc Burrow
01:48 Orc Burrow
02:52 Great Hall
03:32 Voodoo Lounge
03:34 Voodoo Lounge
05:17 Watch Tower
05:26 Watch Tower
05:28 Watch Tower
05:38 Watch Tower
05:39 Watch Tower
05:42 Watch Tower
06:36 Watch Tower
06:37 Watch Tower
06:38 Watch Tower
06:40 Watch Tower
06:43 Watch Tower
06:49 Watch Tower
06:58 Stronghold
06:58 Stronghold
07:14 Watch Tower
08:01 Watch Tower
08:04 Watch Tower
08:51 Watch Tower
08:53 Watch Tower
08:54 Watch Tower
09:23 Beastiary
09:27 Beastiary
09:31 Beastiary
09:52 Fortress
09:52 Fortress
09:53 Fortress
11:47 Watch Tower
11:48 Watch Tower
11:51 Watch Tower
11:53 Watch Tower
11:54 Watch Tower
11:57 Watch Tower
11:58 Watch Tower
12:01 Watch Tower
12:02 Watch Tower
13:00 War Mill
13:08 Orc Burrow
13:11 Orc Burrow
13:15 Orc Burrow
13:19 Watch Tower
13:20 Watch Tower
13:22 Watch Tower
13:24 Watch Tower
13:26 Watch Tower
13:27 Watch Tower
15:28 Great Hall
15:51 Watch Tower
18:20 Great Hall
20:23 Great Hall
28:33 Great Hall
28:41 Orc Burrow
28:43 Orc Burrow
32:29 Great Hall
38:57 Watch Tower
38:58 Watch Tower
39:05 Great Hall
» items
| Healing Salve | 4 | |
| Lesser Clarity Potion | 7 | |
| Scroll of Speed | 2 | |
| Scroll of Town Portal | 3 | |
| Orb of Lightning | 5 | |
21 total
MarzALEGO (
green | 52 APM | 2282 actions | 43:51)
7 Blademaster
3 Wind Walk
3 Critical Strike
1 Bladestorm
» actions
| Assign group hotkey | 90 | |
| Basic commands | 98 | |
| Build / train | 89 | |
| Enter build submenu | 61 | |
| Enter hero's abilities submenu | 7 | |
| Give item / drop item | 6 | |
| Remove unit from queue | 1 | |
| Right click | 980 | |
| Select / deselect | 452 | |
| Select group hotkey | 292 | |
| Use ability | 206 | |
2282 total
» units
| Peon | 9 | |
| Grunt | 8 | |
| Goblin Shredder | 1 | |
| Goblin Zeppelin | 3 | |
| Goblin Sapper | 14 | |
| Troll Batrider | 7 | |
| Demolisher | 2 | |
| Wind Rider | 2 | |
46 total
» upgrades
| Ranged Weapons | 3 | |
| Armor | 3 | |
| Reinforced Defenses | 1 | |
| Troll Regeneration | 1 | |
| Liquid Fire | 1 | |
| Spiked Barricades | 1 | |
| Burning Oil | 1 | |
| Envenomed Spears | 1 | |
| Ensnare | 1 | |
| Pillage | 1 | |
14 total
» buildings
| Orc Burrow | 6 | |
| Altar of Storms | 1 | |
| Barracks | 6 | |
| Voodoo Lounge | 1 | |
| Stronghold | 1 | |
| War Mill | 3 | |
| Watch Tower | 60 | |
| Great Hall | 3 | |
| Beastiary | 4 | |
| Fortress | 1 | |
86 total
» build order
00:12 Orc Burrow
00:50 Altar of Storms
00:51 Barracks
01:04 Orc Burrow
01:41 Voodoo Lounge
02:49 Stronghold
03:54 War Mill
03:57 Orc Burrow
04:16 War Mill
05:32 Orc Burrow
05:44 Watch Tower
05:45 Watch Tower
05:48 Watch Tower
06:49 Great Hall
07:10 Watch Tower
07:13 Watch Tower
07:30 Beastiary
07:32 Beastiary
08:14 Watch Tower
08:17 Watch Tower
08:23 Watch Tower
08:23 Watch Tower
08:25 Watch Tower
08:26 Watch Tower
09:17 Fortress
09:47 War Mill
13:33 Beastiary
13:34 Beastiary
14:08 Watch Tower
14:08 Watch Tower
14:09 Watch Tower
14:10 Watch Tower
14:10 Watch Tower
14:12 Watch Tower
14:13 Watch Tower
14:13 Watch Tower
15:52 Watch Tower
15:54 Watch Tower
15:56 Watch Tower
15:58 Watch Tower
22:10 Great Hall
22:13 Great Hall
22:16 Watch Tower
22:16 Watch Tower
22:16 Watch Tower
22:16 Watch Tower
22:18 Watch Tower
22:18 Watch Tower
22:19 Watch Tower
22:19 Watch Tower
22:27 Watch Tower
22:28 Watch Tower
22:29 Watch Tower
22:30 Watch Tower
22:30 Watch Tower
22:30 Watch Tower
22:36 Watch Tower
22:36 Watch Tower
22:37 Watch Tower
22:38 Watch Tower
22:39 Watch Tower
22:41 Watch Tower
22:41 Watch Tower
23:25 Watch Tower
23:25 Watch Tower
25:14 Watch Tower
25:15 Watch Tower
25:16 Watch Tower
25:18 Watch Tower
25:19 Watch Tower
25:20 Watch Tower
25:20 Watch Tower
25:21 Watch Tower
25:22 Watch Tower
25:23 Watch Tower
25:25 Watch Tower
25:26 Watch Tower
25:29 Watch Tower
25:30 Watch Tower
31:28 Barracks
31:29 Barracks
31:29 Barracks
31:30 Barracks
31:31 Barracks
31:37 Orc Burrow
31:40 Orc Burrow
» items
| Healing Salve | 4 | |
| Potion of Healing | 5 | |
| Scroll of Town Portal | 3 | |
| Potion of Mana | 1 | |
| Lesser Clarity Potion | 1 | |
| Orb of Lightning | 1 | |
| Tiny Great Hall | 1 | |
16 total
shmoopy (
red | 54 APM | 1140 actions | 21:16)
4 Demon Hunter
2 Mana Burn
2 Evasion
3 Keeper of the Grove
2 Entangling Roots
1 Thorns Aura
» actions
| Assign group hotkey | 22 | |
| Basic commands | 4 | |
| Build / train | 66 | |
| Enter build submenu | 24 | |
| Enter hero's abilities submenu | 7 | |
| Give item / drop item | 2 | |
| Remove unit from queue | 3 | |
| Right click | 644 | |
| Select / deselect | 214 | |
| Select group hotkey | 87 | |
| Use ability | 67 | |
1140 total
» units
| Wisp | 15 | |
| Archer | 9 | |
| Druid of the Claw | 4 | |
| Dryad | 6 | |
| Hippogryph | 3 | |
37 total
» upgrades
| Strength of the Wild | 3 | |
| Druid of the Claw Training | 2 | |
| Reinforced Hides | 2 | |
| Mark of the Claw | 1 | |
| Abolish Magic | 1 | |
9 total
» buildings
| Altar of Elders | 1 | |
| Moon Well | 8 | |
| Ancient of War | 1 | |
| Hunter's Hall | 1 | |
| Ancient Protector | 4 | |
| Tree of Ages | 1 | |
| Tree of Eternity | 1 | |
| Ancient of Lore | 2 | |
| Ancient of Wonders | 1 | |
| Ancient of Wind | 1 | |
| Tree of Life | 1 | |
22 total
» build order
00:08 Altar of Elders
00:10 Moon Well
00:52 Ancient of War
01:32 Moon Well
01:35 Moon Well
02:15 Hunter's Hall
03:01 Moon Well
03:30 Ancient Protector
04:11 Tree of Ages
04:18 Ancient Protector
05:58 Moon Well
07:07 Tree of Eternity
07:10 Ancient of Lore
07:51 Ancient of Lore
09:26 Moon Well
09:37 Ancient of Wonders
15:44 Moon Well
15:46 Moon Well
16:46 Ancient of Wind
18:41 Ancient Protector
18:44 Ancient Protector
20:38 Tree of Life
» items
| Healing Salve | 3 | |
| Orb of Venom | 1 | |
| Scroll of Town Portal | 2 | |
6 total
Chat log
(00:09 / All) Nav3: hahahahaha
(00:13 / All) CaptianK: hahahahaha
(00:18 / All) shmoopy: hahahahah
(00:19 / All) hahahahahahahah: hahahahahah
(00:55 / All) MarzALEGO: hehehehehehe
(00:56 / All) Nav3: shmoopy = seinfeld?
(01:01 / All) shmoopy: you know it
(01:06 / All) Nav3: gold
(01:13 / All) shmoopy: gold jerry
(01:15 / All) shmoopy: GOLD
(01:19 / All) Nav3: GOLD
(01:28 / All) MarzALEGO: that's it
(01:30 / All) MarzALEGO: no soup for you
(01:35 / All) CaptianK: lol
(03:38 / Allies) sadio: am
(03:38 / Allies) sadio: am
(03:39 / Allies) sadio: am
(03:39 / Allies) sadio: am
(03:39 / Allies) sadio: am
(03:40 / Allies) sadio: am
(03:45 / All) Nav3: LOL YELLOW HACKS
(03:49 / All) Nav3: AHAHAAH
(03:52 / All) hahahahahahahah: bad creepjack -- didn't get gloves of haste
(03:57 / All) CaptianK: youre just stupid
(03:57 / All) hahahahahahahah: hahahahahahah
(04:00 / All) Nav3: HACK MORE
(04:03 / All) CaptianK: i only play orc
(04:08 / All) hahahahahahahah: mad ur shitty lvl 1 harass didn't work
(04:10 / All) CaptianK: oi know how bm works
(04:11 / All) CaptianK: odopt
(04:15 / All) CaptianK: idiot
(04:28 / All) CaptianK: nt
(04:29 / All) hahahahahahahah: obv not u lvl 1 harass
(04:38 / All) sadio: ol
(04:38 / All) sadio: lol
(04:39 / All) sadio: u do mh
(04:43 / Allies) sadio: stay
(04:44 / Allies) sadio: trget foots
(05:07 / All) hahahahahahahah: LOL
(05:09 / All) hahahahahahahah: "
(05:12 / All) hahahahahahahah: BETTER WIND WALK AWAY
(05:18 / All) sadio: ok i did
(05:19 / All) sadio: thanks
(05:28 / All) hahahahahahahah: good harass you could be lvl 3
(05:32 / All) hahahahahahahah: totally worth it
(05:34 / All) sadio: ur still level 1????
(05:40 / All) hahahahahahahah: no, 1 and a half
(05:44 / All) hahahahahahahah: unlike you
(05:55 / All) sadio: mh More
(05:58 / Allies) sadio: come
(05:59 / Allies) sadio: come
(06:00 / Allies) sadio: now
(06:06 / Allies) Nav3: wtf you doi9ng
(06:09 / Allies) Nav3: really
(06:11 / Allies) sadio: come
(06:17 / Allies) Nav3: dumbfuck
(06:18 / All) sadio: yall mh
(06:21 / All) sadio: hardcore
(06:26 / All) hahahahahahahah: so mad
(06:29 / All) hahahahahahahah: hardcore
(06:31 / All) CaptianK: MH!
(06:32 / All) Nav3: but purp fucking sucks
(07:49 / Allies) sadio: i expo both
(07:50 / Allies) sadio: same time
(11:37 / Allies) sadio: lol
(12:15 / Allies) sadio: AA
(12:16 / Allies) sadio: TP
(12:18 / All) hahahahahahahah: lawl
(12:20 / All) hahahahahahahah: that's sick
(12:53 / All) zxcvbn: SO FUCKIN BAD
(12:56 / All) zxcvbn: NO WONDE RU NEED MH
(13:11 / All) zxcvbn: SOOOOF UCKIN ABD GREEN
(13:13 / All) zxcvbn: UA RE HORRIBLE
(13:16 / All) zxcvbn: gg purpel map ahcks
(13:18 / All) MarzALEGO: mh LOL?
(13:22 / All) zxcvbn: NOW I STAB NAV3 EVERY GAME FOR LIFE
(13:27 / All) zxcvbn: pureple not u green
(13:40 / All) hahahahahahahah: purp's strat is hilarious
(13:42 / All) sadio: what
(13:44 / All) sadio: i mh?
(13:51 / All) zxcvbn: yes u do puissy
(13:54 / All) sadio: why
(14:00 / All) zxcvbn: and now i stab your 3 allies every game for life for riding it
(14:08 / All) zxcvbn: ua sking me why u ahck:
(14:10 / All) zxcvbn: cause u WEAK
(14:40 / All) zxcvbn: see THAT MH HIILLAIOUS
(15:16 / Allies) sadio: gj
(16:07 / Allies) sadio: mass aa
(16:08 / Allies) sadio: they all air
(16:44 / Allies) sadio: tp
(17:12 / All) sadio: only so much u can do with autistic team
(17:17 / All) zxcvbn: STFU HACING TRASH
(17:20 / All) Nav3: LOL
(17:21 / All) sadio: wait
(17:23 / All) sadio: he thinks i hack?
(17:28 / All) zxcvbn: I KNOW U AHCK
(17:31 / All) Nav3: NO YELLOW HACKS THATS IT
(17:35 / All) Nav3: I DETECTED IT
(17:48 / All) hahahahahahahah: you use a hack to detect hacks? lol
(17:59 / All) Nav3: NAH A PROGRAM\
(18:02 / All) Nav3: AAHHAHAHAA
(18:09 / All) hahahahahahahah: yes that injects into war3
(18:13 / All) hahahahahahahah: the same way a hack does
(18:14 / All) hahahahahahahah: LOL
(18:19 / All) Nav3: LOL
(18:55 / All) sadio: i mean thats just obvious
(19:24 / All) hahahahahahahah: lol
(19:30 / All) sadio: Stfu hacker
(19:41 / All) hahahahahahahah: u mad trash?
(19:58 / All) zxcvbn: YELLWO ON 6000 gold?
(19:59 / All) zxcvbn: lmao
(20:01 / All) zxcvbn: yeah gg
(20:05 / All) zxcvbn: i didnt know he was that bad
(20:07 / All) CaptianK: LOLOLOL
(20:08 / All) hahahahahahahah: I've had way more than that
(20:10 / All) hahahahahahahah: this is chump change
(20:17 / All) hahahahahahahah: I've gotten up to the hundreds of thousands
(20:24 / All) zxcvbn: thats sad bro
(20:25 / All) MarzALEGO: teal you got raped hardcore
(20:30 / All) zxcvbn: u needed a hack to beat these 2 morons
(20:33 / All) zxcvbn: green
(20:33 / All) MarzALEGO: sorry I didn't give a brother a reach around
(20:38 / All) zxcvbn: u have a hacker we dont
(20:41 / All) hahahahahahahah: what makes you think im playing for wins
(20:42 / All) zxcvbn: and its me and ornage vs 4
(20:43 / All) MarzALEGO: That's waht you think
(20:45 / All) zxcvbn: while u havea hacker
(20:48 / All) zxcvbn: thast horriifc
(20:54 / All) zxcvbn: u needed a hacker to win vs blue and yellow
(21:15 / Allies) MarzALEGO: they're whiners
(21:21 / Allies) MarzALEGO: he said "LOOK AT THAT HACK"
(21:24 / Allies) MarzALEGO: beacuse I hit his top expo
(21:30 / Allies) MarzALEGO: and then hit it again with bm when he intantly remade it
(21:32 / Allies) Nav3: purp
(21:34 / Allies) Nav3: you got red?
(21:37 / Allies) sadio: yes
(21:43 / All) MarzALEGO: was that drop hack?
(21:46 / All) MarzALEGO: 2 dropped same time
(21:54 / All) hahahahahahahah: he tked me so he drops
(22:49 / Allies) sadio: PINK
(23:24 / All) Nav3: leave hacker
(23:33 / All) sadio: why do they think i hack
(23:38 / All) sadio: did they think i mh
(23:39 / All) sadio: ?
(24:04 / All) hahahahahahahah: wait til u see my control hack
(24:15 / All) sadio: WTF
(24:16 / All) sadio: WTF
(24:24 / All) sadio: HE LEFT
(24:26 / All) sadio: LEGIT
(24:31 / All) sadio: HE CONTORLLING ME
(24:51 / Allies) MarzALEGO: lumber please dudes
(25:03 / All) hahahahahahahah: as you can see I am a master hacker, you have no chance
(25:35 / All) MarzALEGO: stop hacking bro it ruins the game
(25:40 / All) MarzALEGO: mhing and drophacking that's pathetic dude
(25:55 / All) hahahahahahahah: control hack is the best one here
(25:59 / All) hahahahahahahah: I make your team kill itself
(26:04 / All) hahahahahahahah: want to see your units kill your allies green?
(26:06 / All) MarzALEGO: WOW ur so good you can dl a program
(26:08 / All) MarzALEGO: asshole
(26:17 / All) MarzALEGO: no wonder no one plyas this game
(26:34 / Allies) Nav3: gold
(26:35 / Allies) Nav3: green
(26:49 / Allies) MarzALEGO: WTF
(26:55 / Allies) MarzALEGO: your names are darkened out like enemies
(26:59 / Allies) MarzALEGO: so I can't give recs
(27:01 / Allies) Nav3: gold me
(27:05 / Allies) MarzALEGO: dude i cant
(27:12 / Allies) Nav3: ...
(27:30 / Allies) MarzALEGO: this is just gay
(27:34 / All) hahahahahahahah: nice gold you got green too bad you can't share it HAHA
(27:35 / Allies) sadio: u realize yellow can read our chat right
(27:40 / Allies) sadio: yeah
(27:41 / Allies) sadio: but did that
(27:44 / Allies) MarzALEGO: ...
(28:05 / Allies) MarzALEGO: can u read our chat yellow?
(28:09 / Allies) MarzALEGO: HELLO?
(28:16 / All) hahahahahahahah: yes I can read it HAHA
(28:17 / Allies) MarzALEGO: guess not
(28:18 / Allies) sadio: he using me
(28:21 / Allies) MarzALEGO: or he can...
(28:23 / Allies) sadio: green
(28:23 / Allies) MarzALEGO: wtf
(28:23 / Allies) sadio: come
(28:35 / Allies) MarzALEGO: guys we need to use private chat
(28:45 / Allies) MarzALEGO: report this game after
(28:52 / Allies) sadio: lma
(29:28 / Allies) sadio: storm
(30:26 / Allies) sadio: go
(30:28 / Allies) sadio: target towers
(30:32 / Allies) sadio: he cant control
(30:54 / Allies) sadio: i cant stop them
(30:55 / Allies) sadio: gg
(31:07 / Allies) Nav3: wtf you doing
(31:10 / All) sadio: thats legit pathetic
(31:13 / Allies) sadio: he's controling red
(31:19 / Allies) MarzALEGO: I'll get siege
(31:19 / All) hahahahahahahah: fear my control hack
(31:47 / Allies) sadio: wow
(31:50 / Allies) MarzALEGO: make sure he doesn't expand again
(32:01 / Allies) sadio: green
(32:04 / Allies) sadio: use ur gold maybe?
(32:08 / All) hahahahahahahah: i uproot ur trees for xtra damage
(32:58 / Allies) sadio: bats gren
(33:12 / All) hahahahahahahah: wtf that sh doing there didn't send him
(33:19 / All) hahahahahahahah: you noobs control hack too?
(33:32 / Allies) sadio: kill that
(34:45 / Allies) sadio: wtf u doing
(34:52 / Allies) sadio: i bet u
(34:54 / Allies) sadio: yellow
(34:55 / Allies) sadio: is green
(35:22 / Allies) sadio: nice
(35:23 / Allies) sadio: lol
(35:48 / Allies) Nav3: WTF GREEN
(35:49 / Allies) Nav3: WAIT
(35:52 / All) hahahahahahahah: ctrl hack
(35:54 / All) hahahahahahahah: hahahahahahah
(35:55 / Allies) sadio: its yellow
(36:02 / Allies) Nav3: BULLSHIT
(36:15 / All) hahahahahahahah: ctrl hack LMAO
(36:17 / All) hahahahahahahah: RAPED
(37:20 / All) sadio: fun game
(37:26 / Allies) Nav3: MEET
(37:44 / Allies) sadio: USE
(39:13 / All) sadio: lmao
(39:15 / All) sadio: yellow
(39:19 / All) sadio: u got those goblins
(39:20 / All) sadio: ddnt u
(39:21 / All) hahahahahahahah: ?
(39:24 / All) hahahahahahahah: yes
(39:28 / All) hahahahahahahah: and now i kill u with green
(39:30 / All) hahahahahahahah: hahahahahah
(39:42 / All) hahahahahahahah: like my wyverns?
(39:52 / All) hahahahahahahah: DIE
(39:53 / All) hahahahahahahah: NOOB
(39:58 / All) sadio: i told you
(40:04 / All) sadio: ur not control hacking
(40:04 / Allies) Nav3: WTF
(40:06 / All) sadio: u are green
(40:14 / Allies) sadio: u and green same person
(40:27 / All) MarzALEGO: I AM YELLOW
(40:28 / All) hahahahahahahah: I AM GREEN
(40:31 / All) sadio: lol
(40:37 / All) sadio: i knew it
(40:47 / All) sadio: what a fucked up game
(40:53 / All) hahahahahahahah: bow to your master
(41:42 / All) sadio: u arent control hacking
(41:46 / All) sadio: u just contorl red
(41:48 / All) sadio: cause ur green
(41:48 / All) hahahahahahahah: bow to your master
(42:00 / All) hahahahahahahah: I'm the king
(42:17 / All) sadio: ur a sad virgin tbh
(42:30 / All) sadio: lmao
(42:37 / All) MarzALEGO: lol
(42:40 / All) hahahahahahahah: that was hilarious
(42:43 / All) MarzALEGO: teal should lose imo
(42:43 / All) hahahahahahahah: I only have mh
(42:47 / All) hahahahahahahah: and they think I have all this other shit
(42:52 / All) hahahahahahahah: let's stats
(42:58 / All) MarzALEGO: man if I didn'ty have to outright tk
(43:01 / All) MarzALEGO: would have been even funnier lawl
(43:06 / All) hahahahahahahah: teal is 0-0
(43:11 / All) hahahahahahahah: orange 16-4 wow
(43:19 / All) hahahahahahahah: 1-1 blue
(43:20 / All) MarzALEGO: pink might really be mher
(43:29 / All) hahahahahahahah: what's your team, 16-4 a 0-0 and 1-1
(43:31 / All) MarzALEGO: 4-1 solo 28-21 team
(43:35 / All) MarzALEGO: pink
(43:42 / All) hahahahahahahah: my team only has one legit player
(43:49 / All) MarzALEGO: I guess pink potential mher can lose